 Dungeon Crawl Stone Soup version 0.14-a0-942-gbd853f2 (webtiles) character file.

148 Malachi the Bolt Thrower (level 4, -8/32 HPs)
             Began as a Demonspawn Wanderer on Nov 19, 2013.
             Killed by divine providence
             ... invoked by an orc priest
              (13 damage)
             ... on Level 4 of the Dungeon.
             The game lasted 00:03:28 (1917 turns).

Malachi the Bolt Thrower (Demonspawn Wanderer)      Turns: 1917, Time: 00:03:28

HP  -8/32        AC  3     Str 14      XL: 4   Next: 56%
MP   6/6         EV 11     Int 14      God:
Gold 41          SH  0     Dex 11      Spells:  1 memorised,  4 levels left

Res.Fire  : . . .   See Invis. : .   a - +1,+3 crossbow
Res.Cold  : . . .   Warding    : .   b - +0 robe
Life Prot.: . . .   Conserve   : .   (no shield)
Res.Poison: .       Res.Corr.  : .   (no helmet)
Res.Elec. : .       Clarity    : .   (no cloak)
Sust.Abil.: . .     Spirit.Shd : .   (no gloves)
Res.Mut.  : .       Stasis     : .   (no boots)
Res.Rott. : .       Flight     : .   (no amulet)
Saprovore : . . .                    (no ring)
                                     (no ring)

@: slightly resistant to hostile enchantments, unstealthy
A: molten scales 1, powered by death 1
a: no special abilities


You were on level 4 of the Dungeon.
You were hungry.

You visited 1 branch of the dungeon, and saw 4 of its levels.

You collected 41 gold pieces.

Inventory:

Hand weapons
 a - a +1,+3 crossbow (weapon)
Missiles
 c - 10 bolts (quivered)
Armour
 b - a +0 robe (worn)
Comestibles
 d - 4 bread rations
 l - a slice of pizza
Scrolls
 e - a scroll of curse weapon {unknown}
 f - 3 scrolls of enchant armour {unknown}
 g - 3 scrolls of recharging {unknown}
 j - 2 scrolls of amnesia {unknown}
 m - a scroll of fear {unknown}
Jewellery
 i - an uncursed ring of see invisible {unknown}
Potions
 h - a potion of curing {unknown}
 k - a potion of brilliance {unknown}
 n - a potion of speed {unknown}
 o - a potion of restore abilities {unknown}


   Skills:
 + Level 3.0 Fighting
 + Level 3.5 Crossbows
 + Level 1.0 Armour
 + Level 0.1 Dodging
 + Level 1.1 Stealth
   Level 1.0 Shields
 + Level 1.0 Spellcasting
   Level 1.7 Earth Magic
   Level 1.0 Evocations


You had 4 spell levels left.
You knew the following spells:

 Your Spells              Type           Power        Failure   Level  Hunger
a - Apportation           Tloc           #.........   30%         1    ##.....


Dungeon Overview and Level Annotations

Branches:
Dungeon (4/16)
 Temple: D:4-7

Altars:


Innate Abilities, Weirdness & Mutations

You are partially covered in molten scales (AC +1).
You can steal the life force of nearby defeated enemies.


Message History

There are monsters nearby!
There are monsters nearby!
There are monsters nearby!
Firing (i - inventory):
c - 12 bolts (quivered)
Press: ? - help, Shift-Dir - straight line, f - giant cockroach
Aim: a giant cockroach You shoot a bolt.
The bolt hits the giant cockroach.
The orc priest invokes the aid of Beogh against you.
Something smites you!
Firing (i - inventory):
c - 11 bolts (quivered)
Press: ? - help, Shift-Dir - straight line, f/p - giant cockroach
Aim: a giant cockroach You shoot a bolt.
The bolt hits the giant cockroach.
The giant cockroach is lightly wounded.
The orc priest calls down the wrath of Beogh upon you.
Something smites you!
* * * LOW HITPOINT WARNING * * *
The orc priest calls down the wrath of Beogh upon you.
Something smites you!
You die...

#.##..##.### #.
#.....##.# #.
######.##.#####. #
###.............#. ...
..#.#<....#.###.#. ....
#.#.#.....#.# #.#. ..[(.
#.#.#.....#.###.#.
......!#.#.#..#..........
.o.((.s.@........#.###.##
...................# #.#
.########.##....#.# #.#
#.##.##.#.# #.#
#.##.##.#.. ..#
..##....####### #########


You could see an orc priest and a giant cockroach.

Vanquished Creatures
  A jelly (D:3)
  3 adders
  2 giant geckos (D:3)
  An ooze (D:1)
  2 orcs (D:4)
  4 bats
  3 giant cockroaches
  9 hobgoblins
  A quokka (D:2)
  A giant newt (D:1)
  4 goblins
  4 jackals
  4 kobolds
  3 rats
42 creatures vanquished.

Notes
Turn   | Place    | Note
--------------------------------------------------------------
     0 | D:1      | Malachi, the Demonspawn Wanderer, began the quest for the Orb.
     0 | D:1      | Reached XP level 1. HP: 14/14 MP: 2/2
   443 | D:1      | Gained mutation: You can steal the life force of nearby defeated enemies. [demonic ancestry]
   443 | D:1      | Reached XP level 2. HP: 20/20 MP: 3/3
   752 | D:2      | Gained mutation: You are partially covered in molten scales (AC +1). [demonic ancestry]
   752 | D:2      | Reached XP level 3. HP: 25/25 MP: 4/4
  1053 | D:3      | Reached skill level 3 in Crossbows
  1070 | D:3      | Reached XP level 4. HP: 32/32 MP: 6/6
  1774 | D:3      | Reached skill level 1 in Stealth
  1917 | D:4      | Killed from afar by an orc priest

Action                   |  1- 3 |  4- 6 || total
-------------------------+-------+-------++-------
 Fire: Crossbow          |    48 |    23 ||    71
